 Dungeon Crawl Stone Soup version 0.26-b1-32-g5d43845318 (webtiles) character file.

Game seed: 11420103872599834511

204 Aviak the Skirmisher (level 5, -1/33 HPs)
             Began as a Tengu Abyssal Knight on Jan 12, 2021.
             Was a Priest of Lugonu.
             Killed from afar by a goblin (9 damage)
             ... with a puff of flame
             ... on level 3 of the Dungeon.
             The game lasted 00:03:32 (2624 turns).

Aviak the Skirmisher (Tengu Abyssal Knight)         Turns: 2624, Time: 00:03:33

Health: -1/33      AC:  6    Str: 12    XL:     5   Next: 82%
Magic:  8/8        EV: 10    Int: 14    God:    Lugonu [***...]
Gold:   204        SH:  7    Dex: 15    Spells: 4/4 levels left

rFire    . . .     SeeInvis +   a - +1 spear
rCold    . . .     Faith    .   h - +0 kite shield
rNeg     . . .     Spirit   .   r - +0 ring mail (curse)
rPois    .         Reflect  .   (helmet restricted)
rElec    .         Harm     .   q - +0 cloak (curse)
rCorr    .         Rampage  .   (no gloves)
Will     .....                  (boots unavailable)
Stlth    +.........             p - amulet of regeneration
HPRegen  0.51/turn              Z - ring of see invisible
MPRegen  0.11/turn              (no ring)

@: lethally poisoned (-1 -> -5), flying quickly and evasively, quick
A: beak, talons 3, clever 1, high mp 1, MP-powered wands, able to fly
a: Stop Flying, Renounce Religion, Depart the Abyss, Bend Space, Banish


You were on level 3 of the Dungeon.
You worshipped Lugonu.
Lugonu was most pleased with you.
You visited 1 branch of the dungeon, and saw 4 of its levels.
You visited the Abyss 1 time.

You collected 204 gold pieces.

Inventory:

Hand Weapons
 a - a +1 spear (weapon)
Armour
 h - a +0 kite shield (worn)
 n - a cursed +0 leather armour
 q - a cursed +0 cloak (worn)
 r - a cursed +0 ring mail (worn)
Jewellery
 p - an amulet of regeneration (around neck)
 Z - a ring of see invisible (left hand)
Scrolls
 b - 2 scrolls of teleportation {unknown}
 c - a scroll of fear {unknown}
 d - 7 scrolls of identify {unknown}
 e - a scroll of magic mapping {unknown}
 f - 2 scrolls of blinking {unknown}
 j - 3 scrolls of enchant weapon {unknown}
 m - 3 scrolls of enchant armour {unknown}
 s - a scroll of fog {unknown}
 u - a scroll of remove curse {unknown}
Potions
 g - 2 potions of haste {unknown}
 i - a potion of curing {unknown}
 k - a potion of lignification {unknown}
 l - a potion of berserk rage {unknown}
 o - a potion of flight {unknown}
 t - 2 potions of brilliance {unknown}


   Skills:
 + Level 4.0 Fighting
 + Level 3.7 Polearms
 - Level 2.1 Armour
 + Level 3.0 Dodging
 + Level 2.9 Invocations


You had 4 spell levels left.
You didn't know any spells.
Your spell library was empty.

Dungeon Overview and Level Annotations

Branches:
Dungeon (4/15)
 Temple: D:4-7

Altars:
Trog
The Shining One


Innate Abilities, Weirdness & Mutations

You have a beak for a mouth.
You have claws for feet.
You can fly continuously.
Your mind is acute. (Int +2)
You have an increased reservoir of magic. (+10% MP)
You expend magic power (3 MP) to strengthen your wands.


Message History

You block the orc's attack. The goblin hits you but does no damage.
The worker ant barely misses you.
You hit the worker ant. You peck the worker ant.
The worker ant is heavily wounded.
The worker ant closely misses you. You block the orc's attack.
The goblin hits you.
You hit the worker ant but do no damage.
The worker ant is heavily wounded.
The worker ant bites you.
You are poisoned.
The worker ant poisons you! The orc hits you but does no damage.
The goblin closely misses you.
You hit the worker ant. Your kick misses the worker ant.
The worker ant is severely wounded.
You feel sick. The worker ant bites you!
* * * LOW HITPOINT WARNING * * *
You are more poisoned.
The worker ant poisons you! The orc barely misses you.
The goblin zaps a wand.
The puff of flame hits you!
You die...

#[...###.####
#....†.#####... #....#
#....# #.##......#####
###### ####.#####.#######.#
#.....#.# #.# # ###
#####...# #.##### #<##
######...### #......
#..###...#..#.>.# ###....
#...........###.#####...###
#.##.....B@g###..##...#....
#.##......o......##.....###
#..#.......####......######
##.##........(.............
#.#.......####.....####...
#.........#......#..# ####
##...........######.# #..
### ###......##.# ######
### #.# #.....##..###...##


You could see a worker ant, an orc and a goblin.

Vanquished Creatures
  An orc priest (D:3)
  An orc wizard (D:3)
  6 adders
  2 oozes (D:1)
  A worm (D:2)
  4 dart slugs
  2 leopard geckos
  5 orcs
  A ball python (D:3)
  5 bats
  2 giant cockroaches
  9 hobgoblins
  10 jackals
  6 kobolds
  A quokka (D:2)
  3 frilled lizards
  6 goblins
  6 rats
71 creatures vanquished.

Notes
Turn   | Place    | Note
-------+----------+-------------------------------------------
     0 | Abyss:1  | Aviak the Tengu Abyssal Knight began the quest for the Orb.
     0 | Abyss:1  | Reached XP level 1. HP: 14/14 MP: 3/3
    19 | D:1      | Escaped the Abyss
   160 | D:1      | Reached XP level 2. HP: 18/19 MP: 4/4
   731 | D:1      | Reached XP level 3. HP: 21/23 MP: 5/5
   879 | D:1      | Reached ** piety under Lugonu
  1246 | D:2      | Reached XP level 4. HP: 26/28 MP: 6/6
  2097 | D:3      | Gained mutation: Your mind is acute. (Int +2) [potion of
                  | mutation]
  2097 | D:3      | Gained mutation: You have an increased reservoir of magic.
                  | (+10% MP) [potion of mutation]
  2097 | D:3      | Gained mutation: You expend magic power (3 MP) to
                  | strengthen your wands. [potion of mutation]
  2108 | D:3      | Gained mutation: You can fly continuously. [Tengu growth]
  2108 | D:3      | Reached XP level 5. HP: 27/33 MP: 8/8
  2128 | D:3      | Reached skill level 4 in Fighting
  2364 | D:3      | Found a glowing golden altar of the Shining One.
  2468 | D:3      | Found a bloodstained altar of Trog.
  2618 | D:4      | Reached *** piety under Lugonu
  2624 | D:3      | Killed from afar by a goblin

Illustrated notes

Levels and vault maps discovered:
D:1:      dpeg_arrival_rhombi, layout_basic, minmay_ruptured
D:2:      layout_basic, small_statue_intersection, kennysheep_flooded_box
D:3:      layout_rooms, nicolae_tso_carved_into_rock, corexii_shack, trog_book
D:4:      layout_gridville, vehumet_altar_wand_db, temple_green

Skill      XL: |  1  2  3  4  5 |
---------------+----------------+-----
Invocations    | 2 |  2.9
Dodging        | 2 3 |  3.0
Polearms       | 3 |  3.7
Fighting       | 4 |  4.0
Armour         | |  2.1

Action                   |  1- 3 |  4- 6 || total
-------------------------+-------+-------++-------
Melee: Spear             |   113 |   117 ||   230
       Kick              |    18 |    27 ||    45
       Peck              |     8 |    14 ||    22
 Abil: Fly               |       |     1 ||     1
  Use: Potion            |       |     2 ||     2
 Stab: Sleeping          |     2 |       ||     2
Armor: Leather armour    |     9 |       ||     9
       Ring mail         |    22 |    28 ||    50
Dodge: Dodged            |    31 |    33 ||    64
Block: Kite shield       |    20 |    24 ||    44
